 Dungeon Crawl Stone Soup version 0.32-a0-361-g289a535e89 (webtiles) character file.

Game seed: 14419725197963744467

8832 pokeman the Eclecticist (level 11, -7/68 HPs)
             Began as a Deep Elf Hedge Wizard on Feb 19, 2024.
             Was a Follower of Vehumet.
             Succumbed to orange demon's concentrated venom
             ... on level 10 of the Dungeon.
             The game lasted 00:20:26 (10701 turns).

pokeman the Eclecticist (Deep Elf Hedge Wizard)    Turns: 10701, Time: 00:20:27

Health: -7/68      AC: 13    Str: 17    XL:     11   Next: 15%
Magic:  19/32      EV: 27    Int: 27    God:    Vehumet [*.....]
Gold:   227        SH:  0    Dex: 17    Spells: 29/40 levels left

rFire   . . .        u - +5 hand axe "Abbot" {drain, rN+}
rCold   . . .        (no shield)
rNeg    + . .        D - +2 acid dragon scales
rPois   +            K - +2 hat
rElec   .            i - +2 cloak of the Tentacled God {Str+4 Stlth+}
rCorr   +            (no gloves)
SInv    +            (no boots)
Will    ++...        L - amulet "Xedoeleotz" {Acrobat +Inv Int+3 Dex+3}
Stlth   +++          m - ring "Deloe" {Will+ Str+6 SInv}
HPRegen 0.31/turn    N - ring of poison resistance
MPRegen 0.23/turn

%: acrobat
@: lethally poisoned (-7 -> -50), acrobatic, slowed, studying Fighting, very
slow
A: no striking features
a: Renounce Religion, Evoke Invisibility


You were on level 10 of the Dungeon.
You worshipped Vehumet.
Vehumet was aware of your devotion.
You visited 2 branches of the dungeon, and saw 11 of its levels.

You collected 461 gold pieces.
You spent 234 gold pieces at shops.

Inventory:

Hand Weapons
 u - the +5 hand axe "Abbot" (weapon) {drain, rN+}
   (You found it on level 4 of the Dungeon)

   rN+:       It protects you from negative energy.
 x - a +7 dagger of holy wrath
Missiles
 b - 5 throwing nets
 C - 2 curare-tipped darts
Armour
 i - the +2 cloak of the Tentacled God (worn) {Str+4 Stlth+}
   (You found it on level 2 of the Dungeon)

   Str+4:     It affects your strength (+4).
   Stlth+:    It makes you more stealthy.
 D - +2 acid dragon scales (worn)
 K - a +2 hat (worn)
Magical Staves
 Q - a staff of cold
Jewellery
 k - an amulet of guardian spirit
 m - the ring "Deloe" (left hand) {Will+ Str+6 SInv}
   (You found it on level 2 of the Dungeon)

   [ring of strength]

   Str+6:     It affects your strength (+6).
   Will+:     It increases your willpower.
   SInv:      It lets you see invisible.
 p - a +6 ring of strength
 r - a ring of wizardry
 F - a +6 ring of strength
 J - a ring of ice
 L - the amulet "Xedoeleotz" (around neck) {Acrobat +Inv Int+3 Dex+3}
   (You found it on level 9 of the Dungeon)

   [amulet of the acrobat]

   Acrobat:   It increases your evasion while moving and waiting.
   Int+3:     It affects your intelligence (+3).
   Dex+3:     It affects your dexterity (+3).
   +Inv:      It lets you turn invisible.
 N - a ring of poison resistance (right hand)
Wands
 t - a wand of charming (16)
 y - a wand of polymorph (13)
 G - a wand of mindburst (10)
 H - a wand of flame (30)
 O - a wand of roots (6)
Scrolls
 a - 3 scrolls of enchant weapon {unknown}
 f - a scroll of noise {unknown}
 g - 2 scrolls of immolation {unknown}
 h - 3 scrolls of teleportation
 q - 2 scrolls of revelation {unknown}
 s - a scroll of enchant armour {unknown}
 v - 9 scrolls of identify
 w - a scroll of brand weapon {unknown}
 A - 2 scrolls of summoning {unknown}
 M - a scroll of blinking {unknown}
 R - a scroll of poison {unknown}
 S - a scroll of amnesia {unknown}
Potions
 d - 3 potions of magic
 e - 2 potions of heal wounds {unknown}
 j - 5 potions of curing {unknown}
 l - 2 potions of enlightenment {unknown}
 n - a potion of cancellation {unknown}
 o - 2 potions of ambrosia {unknown}
 z - 2 potions of invisibility {unknown}
 B - 2 potions of mutation {unknown}
 E - a potion of might {unknown}
 I - a potion of attraction {unknown}
 P - 2 potions of berserk rage {unknown}
Miscellaneous
 c - a phantom mirror


   Skills:
 + Level 7.8 Fighting
 - Level 3.1 Armour
 - Level 3.0 Dodging
 - Level 3.0 Stealth
 * Level 15.3 Spellcasting
 + Level 8.9 Conjurations
 - Level 1.1 Summonings
 - Level 1.1 Translocations
 + Level 6.1 Ice Magic
 - Level 1.0 Air Magic
 - Level 1.0 Alchemy
 - Level 1.0 Evocations


You had 29 spell levels left.
You knew the following spells:

 Your Spells              Type           Power      Damage    Failure   Level
a - Magic Dart            Conj           100%       1d8       1%          1
b - Mephitic Cloud        Conj/Alch/Air  40%        N/A       2%          3
c - Call Imp              Summ           52%        N/A       3%          2
d - Blink                 Tloc           52%        N/A       3%          2
e - Hailstorm             Conj/Ice       57%        3d11      1%          3

Your spell library contained the following spells:

 Spells                   Type           Power      Damage    Failure   Level
 Sting                    Conj/Alch      100%       1d9       1%          1
 Ensorcelled Hibernation  Hex/Ice        74%        N/A       1%          2
 Slow                     Hex            80%        N/A       3%          1
 Cigotuvi's Dreadful Rot  Necr/Alch/Air  48%        N/A       3%          2
 Swiftness                Air            26%        N/A       7%          3
 Passwall                 Erth           20%        N/A       10%         3
 Animate Dead             Necr           20%        N/A       32%         4
 Borgnjor's Vile Clutch   Necr/Erth      10%        N/A       67%         5
 Death Channel            Necr           10%        N/A       99%         6


Dungeon Overview and Level Annotations

Branches:
Dungeon (10/15)            Temple (1/1) D:7            Lair (0/5) D:8
    Orc (0/2) D:10

Altars:
Ashenzari
Cheibriados
Dithmenos
Elyvilon
Fedhas
Gozag
Hepliaklqana
Kikubaaqudgha
Makhleb
Nemelex Xobeh
Okawaru
Qazlal
Ru
Sif Muna
Trog
Uskayaw
Vehumet
Wu Jian
Xom
Yredelemnul
Zin
The Shining One

Shops:
D:6 :   D:9 ?

Annotations:
D:10 Amaemon


Message History

The orange demon is moderately wounded.
You feel very sick.
Amaemon seems less confused.
The orange demon is engulfed in noxious fumes.
The orange demon appears confused.
The orange demon closely misses Amaemon.
The orange demon hits Amaemon but does no damage.
Unknown command.
Casting: Mephitic Cloud (dangerous; 2% risk of failure)
Confirm with . or Enter, or press ? or * to list all spells.
Casting: Hailstorm (safe; 1% risk of failure)
Press: ? - help, Dir - look around, f - activate A cannonade of hail descends around you!
The hail pelts the orange demon!
The orange demon is heavily wounded.
The hail pelts Amaemon!!
Amaemon is heavily wounded.
You feel very sick.
Amaemon gestures at the orange demon while chanting.
The orange demon's venom grows more potent.
The orange demon is engulfed in noxious fumes.
The orange demon appears confused.
Unknown command.
Unknown command.
Casting: Hailstorm (safe; 1% risk of failure)
Confirm with . or Enter, or press ? or * to list all spells.
Casting: Hailstorm (safe; 1% risk of failure)
Press: ? - help, Dir - look around, f - activate A cannonade of hail descends around you!
The hail pelts Amaemon.
Amaemon is heavily wounded.
You feel sick.
The orange demon is engulfed in noxious fumes.
The orange demon stings you.
* * * LOW HITPOINT WARNING * * *
You are lethally poisoned!
You have difficulty breathing.
* * * LOW HITPOINT WARNING * * *
You feel yourself slow down. The orange demon barely misses you.
You die...

..........#
.........#####
.............. ##
##+######.......... ...
#.......#.....##### ....
#.......#.....# .>...
#.......#.....#
....○.#######'#.....#
.....64.@...........#
.########..######...#####
#..# #........ #..#
#....###+ #..# #....#...
#..# #....#... ...#
#....#... ...# #....#...
#....##..


You could see Amaemon and an orange demon (curare, confused).

Vanquished Creatures
  Harold (D:9)
  A two-headed ogre (D:9)
  Erica (D:8)
  Pikel (D:8)
  Joseph (D:10)
  Maggie (D:6)
  2 trolls
  Prince Ribbit (D:8)
  A vampire (D:10)
  A shadow (D:10)
  9 yaks
  A basilisk (D:8)
  3 wyverns
  Menkaure (D:5)
  An acid dragon (D:9)
  A water moccasin (D:7)
  Duvessa (D:5)
  2 sky beasts
  An ice beast (D:6)
  An orc warrior (D:6)
  2 black bears
  An ogre (D:6)
  A centaur (D:10)
  3 kobold brigands
  3 bullfrogs
  5 scorpions
  2 wights (D:7)
  Dowan (D:5)
  4 killer bees (D:8)
  2 electric eels (D:9)
  A bombardier beetle (D:4)
  2 jellies
  3 hounds
  A sleepcap (D:7)
  4 orc priests
  Jessica (D:3)
  2 iguanas
  2 orc wizards
  3 gnolls (D:5)
  6 adders
  An ufetubus (D:6)
  A dart slug (D:5)
  A ribbon worm (D:5)
  20 orcs
  6 ball pythons
  5 bats
  8 endoplasms
  4 giant cockroaches
  7 goblins
  4 hobgoblins
  5 jackals
  28 kobolds
  4 quokkas
  A frilled lizard (D:2)
  8 rats
184 creatures vanquished.

Vanquished Creatures (collateral kills)
  A black bear (D:5)
  A wight (D:7)
  A killer bee (D:8)
3 creatures vanquished.

Grand Total: 187 creatures vanquished

Notes
Turn   | Place    | Note
-------+----------+-------------------------------------------
     0 | D:1      | pokeman the Deep Elf Hedge Wizard began the quest for the
                  | Orb.
     0 | D:1      | Reached XP level 1. HP: 10/10 MP: 7/7
   129 | D:1      | Reached XP level 2. HP: 16/16 MP: 4/9
   448 | D:1      | Reached skill level 5 in Spellcasting
   563 | D:1      | Reached XP level 3. HP: 20/20 MP: 4/11
   686 | D:1      | Learned a level 3 spell: Mephitic Cloud
   689 | D:1      | Learned a level 2 spell: Call Imp
   692 | D:1      | Learned a level 2 spell: Blink
  1302 | D:1      | Reached skill level 1 in Fighting
  1327 | D:1      | Reached skill level 1 in Armour
  1437 | D:2      | Reached XP level 4. HP: 25/25 MP: 1/13
  1570 | D:2      | Identified the +2 cloak of the Tentacled God {Str+4 Stlth+}
  1790 | D:2      | Identified the ring "Deloe" {Will+ Str+6 SInv}
  2335 | D:3      | Noticed Jessica
  2340 | D:3      | Killed Jessica
  2341 | D:3      | Reached skill level 6 in Spellcasting
  2347 | D:3      | Reached XP level 5. HP: 29/29 MP: 3/15
  2698 | D:3      | Reached skill level 1 in Air Magic
  2698 | D:3      | Reached skill level 1 in Alchemy
  3378 | D:4      | Reached XP level 6. HP: 34/34 MP: 12/17
  3434 | D:4      | Reached skill level 7 in Spellcasting
  3651 | D:4      | Found a white marble altar of Elyvilon.
  3782 | D:4      | Identified the +5 hand axe "Abbot" {drain, rN+}
  3825 | D:4      | Found a sacrificial altar of Ru.
  4063 | D:4      | Reached skill level 1 in Evocations
  4063 | D:4      | Reached XP level 7. HP: 40/40 MP: 17/20
  4432 | D:5      | Entered Level 5 of the Dungeon
  4457 | D:5      | Found an ornate altar of the Wu Jian Council.
  4520 | D:5      | Noticed Menkaure
  4550 | D:5      | Killed Menkaure
  4551 | D:5      | Reached skill level 8 in Spellcasting
  4617 | D:5      | Noticed Duvessa
  4627 | D:5      | Killed Duvessa
  4650 | D:5      | Noticed Dowan
  4658 | D:5      | Killed Dowan
  4659 | D:5      | Reached skill level 9 in Spellcasting
  4734 | D:5      | Reached XP level 8. HP: 40/44 MP: 9/23
  5694 | D:6      | Noticed a troll
  5727 | D:6      | Killed a troll
  5728 | D:6      | Reached skill level 10 in Spellcasting
  5728 | D:6      | Reached skill level 5 in Conjurations
  6133 | D:6      | Found an ancient bone altar of Kikubaaqudgha.
  6228 | D:6      | Noticed Maggie
  6247 | D:6      | Killed Maggie
  6248 | D:6      | Reached skill level 11 in Spellcasting
  6257 | D:6      | Reached XP level 9. HP: 22/51 MP: 15/26
  6611 | D:6      | Found Zarimel's Tiny Tomes.
  6616 | D:6      | Bought the Incunabulum of Snow for 80 gold pieces
  6620 | D:6      | Learned a level 3 spell: Hailstorm
  6999 | D:7      | Reached skill level 1 in Ice Magic
  7042 | D:7      | Found a staircase to the Ecumenical Temple.
  7054 | Temple   | Entered the Ecumenical Temple
  7423 | D:7      | Found a blossoming altar of Fedhas.
  7653 | D:7      | Reached skill level 12 in Spellcasting
  7924 | D:7      | Found a glowing golden altar of the Shining One.
  8102 | D:8      | Noticed Pikel
  8119 | D:8      | Killed Pikel
  8120 | D:8      | Reached skill level 5 in Fighting
  8120 | D:8      | Found a radiant altar of Vehumet.
  8141 | D:8      | Reached skill level 13 in Spellcasting
  8415 | D:8      | Became a worshipper of Vehumet
  8578 | D:8      | Reached XP level 10. HP: 59/60 MP: 23/29
  8642 | D:8      | Noticed Prince Ribbit
  8654 | D:8      | Killed Prince Ribbit
  8825 | D:8      | Found a staircase to the Lair.
  8879 | D:8      | Found a basalt altar of Yredelemnul.
  8914 | D:8      | Noticed Erica
  8922 | D:8      | Killed Erica
  9107 | D:9      | Noticed a two-headed ogre
  9121 | D:9      | Killed a two-headed ogre
  9122 | D:9      | Reached skill level 14 in Spellcasting
  9299 | D:9      | Identified the amulet "Xedoeleotz" {Acrobat +Inv Int+3
                  | Dex+3}
  9346 | D:9      | Reached skill level 5 in Ice Magic
  9347 | D:9      | Noticed Harold
  9357 | D:9      | Killed Harold
  9569 | D:9      | Found Rasuo's Magic Scroll Boutique.
  9577 | D:9      | Bought a scroll of identify for 28 gold pieces
  9577 | D:9      | Bought a scroll of teleportation for 42 gold pieces
  9577 | D:9      | Bought a scroll of identify for 28 gold pieces
  9577 | D:9      | Bought a scroll of identify for 28 gold pieces
  9577 | D:9      | Bought a scroll of identify for 28 gold pieces
  9881 | D:9      | Found a burning altar of Makhleb.
 10018 | D:10     | Entered Level 10 of the Dungeon
 10037 | D:10     | Noticed Joseph
 10065 | D:10     | Killed Joseph
 10066 | D:10     | Reached skill level 15 in Spellcasting
 10163 | D:10     | Found a staircase to the Orcish Mines.
 10205 | D:10     | Reached XP level 11. HP: 60/67 MP: 24/32
 10307 | D:10     | Reached * piety under Vehumet
 10307 | D:10     | Offered knowledge of Sting by Vehumet.
 10688 | D:10     | Noticed Amaemon
 10701 | D:10     | Succumbed to orange demon's concentrated venom

Illustrated notes

Levels and vault maps discovered:
D:1:      wander_arrival_estate, layout_loops_corners
D:2:      layout_loops_cross
D:3:      layout_loops_cross, uniq_jessica
D:4:      layout_loops_corners, lemuel_crystal_altar,
          nicolae_elyvilon_peaceful_grove
D:5:      layout_basic, mainiacjoe_overflow_surrounded_room, nicolae_tricolors,
          uniq_duvessa, uniq_menkaure
D:6:      layout_gridville, lemuel_crystal_altar,
          nicolae_shop_i_like_small_books_too, minmay_manual_macuahuitl,
          uniq_maggie
D:7:      layout_basic, tso_altar, mainiacjoe_overflow_paths,
          minmay_temple_entry_wispy, roderic_roman_lattice,
          grunt_decor_resistance
D:8:      layout_cave_pools, lemuel_doored_altar, vehumet_altar_wand_db,
          david_lair_generic, uniq_pikel, uniq_prince_ribbit1, uniq_erica
D:9:      layout_basic, lemuel_tele_altar, serial_shops, shop,
          serial_bayou_lake_a, uniq_harold
D:10:     layout_irregular_city, orc_0_dummy, hangedman_feature_mirror,
          uniq_joseph, uniq_amaemon, uniq_sonja
Temple:   cyrus_circular_temple

Skill      XL: |  1  2  3  4  5  6  7  8  9 10 11 |
---------------+----------------------------------+-----
Spellcasting   | 5 6 7 9 11 13 15 | 15.3
Fighting       | 1 2 3 5 7 |  7.8
Armour         | 1 2 3 |  3.1
Conjurations   | 2 3 4 6 7 8 |  8.9
Dodging        | 3 |  3.0
Stealth        | 3 |  3.0
Air Magic      | 1 |  1.0
Alchemy        | 1 |  1.0
Evocations     | 1 |  1.0
Ice Magic      | 3 5 6 |  6.1
Summonings     | |  1.1
Translocations | |  1.1

Action                     |  1- 3 |  4- 6 |  7- 9 | 10-12 || total
---------------------------+-------+-------+-------+-------++-------
  Melee: Mace              |       |     8 |       |       ||     8
         Hand axe          |       |     3 |    99 |    48 ||   150
         Dagger            |       |       |     7 |       ||     7
   Cast: Magic Dart        |    81 |   116 |   219 |    35 ||   451
         Mephitic Cloud    |       |     4 |    30 |    19 ||    53
         Call Imp          |       |       |     6 |     3 ||     9
         Hailstorm         |       |       |     4 |    36 ||    40
         Blink             |       |       |     1 |     1 ||     2
   Stab: Confused          |       |     1 |    20 |     5 ||    26
 Armour: Robe              |     2 |    15 |    12 |       ||    29
         Acid dragon scale |       |       |    45 |    38 ||    83
  Dodge: Dodged            |     7 |    12 |    70 |    25 ||   114

Table legend: (Time is in decaauts)
 A = Elapsed time spent in this place.
 B = Non-inter-level travel time spent in this place.
 C = Inter-level travel time spent in this place.
 D = Time resting spent in this place.
 E = Time spent auto-exploring this place.
 F = Levels seen in this place.
 G = Mean time per level.
                   A        B        C        D        E       F      G
               +--------+--------+--------+--------+--------+-----+--------+
         Total |  10765 |  10513 |    252 |    221 |   8926 |  11 |  978.6 |
       Dungeon |  10763 |  10511 |    252 |    221 |   8926 |  10 | 1076.3 |
        Temple |      1 |      1 |      0 |      0 |      0 |   1 |    1.0 |
               +--------+--------+--------+--------+--------+-----+--------+

Top non-repeatable levels by time:
     D:1: 1505 daAuts
     D:5: 1360 daAuts
     D:4: 1189 daAuts
     D:8: 1113 daAuts
     D:7: 1087 daAuts
     D:6: 1085 daAuts
     D:9: 998 daAuts
     D:3: 913 daAuts
     D:2: 824 daAuts
    D:10: 687 daAuts
  Temple: 1 daAuts
